 Dungeon Crawl Stone Soup version 0.30.1-11-g7821555f0a (webtiles) character file.

Game seed: 12450340301066094033

0 Sigmuldom the Trooper (level 1, 0/18 HPs)
             Began as a Mummy Cinder Acolyte on Dec 16, 2023.
             Was a High Priest of Ignis.
             Slain by a gnoll
             ... wielding a +0 club
              (5 damage)
             ... on level 1 of the Dungeon.
             The game lasted 00:01:24 (126 turns).

Sigmuldom the Trooper (Mummy Cinder Acolyte)         Turns: 126, Time: 00:01:24

Health: 0/18       AC:  2    Str: 17    XL:     1   Next: 8%
Magic:  2/2        EV: 11    Int: 13    God:    Ignis [*****.]
Gold:   9          SH:  0    Dex:  7    Spells: 2/2 levels left

rFire   . . .        a - -1 falchion (flame)
rCold   + . .        d - orb {*Rage}
rNeg    + + +        b - +0 robe
rPois   ∞            (no helmet)
rElec   .            (no cloak)
rCorr   .            (no gloves)
SInv    .            (no boots)
Will    .....        (no amulet)
Stlth   +            (no ring)
HPRegen 0.23/turn    (no ring)
MPRegen 0.08/turn

%: faith
@: no status effects
A: cold resistance 1, negative energy resistance 3, torment resistance 2, heat
vulnerability 1, no potions, faith
a: Renounce Religion, Fiery Armour, Foxfire Swarm, Rising Flame


You were on level 1 of the Dungeon.
You worshipped Ignis.
Ignis was extremely pleased with you.
You visited 1 branch of the dungeon, and saw 1 of its levels.

You collected 9 gold pieces.

Inventory:

Hand Weapons
 a - a -1 falchion of flaming (weapon)
 e - a +0 mace
 i - a +0 sling
Missiles
 h - 17 stones (quivered)
Armour
 b - a +0 robe (worn)
 d - an orb of wrath (worn)
Scrolls
 c - a scroll of butterflies {unknown}
Potions
 f - a potion of degeneration {unknown}
 g - a potion of flight {unknown}


   Skills:
 + Level 3.0 Fighting
 + Level 2.4 Long Blades
 + Level 1.3 Spellcasting
 + Level 2.4 Fire Magic


You had 2 spell levels left.
You didn't know any spells.
Your spell library contained the following spells:

 Spells                   Type           Power      Damage    Failure   Level
 Scorch                   Fire           14%        2d5       16%         2


Dungeon Overview and Level Annotations

Branches:
Dungeon (1/15)

Altars:


Innate Abilities, Weirdness & Mutations

You are immune to poison.
Your flesh is cold resistant. (rC+)
You are immune to negative energy. (rN+++)
You are immune to unholy pain and torment.
You are vulnerable to heat. (rF-)
You do not drink.
You have a special connection with the divine. (Faith)


Message History

g - an amethyst potion
Found a stone staircase leading down.
You see here a +0 sling.
You see here 8 stones.
h - 8 stones You see here a +0 sling.
i - a +0 sling Key pressed, stopping explore.
No target in view!
There is an empty arch of ancient stone here.
h - 9 stones (gained 1)
A rat comes into view.
You see here 8 stones.
h - 17 stones (gained 8)
The rat bites you.
You completely miss the rat. The rat barely misses you.
You closely miss the rat. The rat closely misses you.
You barely miss the rat. The rat closely misses you.
You hit the rat. You burn the rat.
You kill the rat!
HP restored.
A frilled lizard comes into view.
A frilled lizard is nearby!
A gnoll comes into view. It is wielding a +0 club.
The gnoll shouts!
The frilled lizard hisses angrily.
A hobgoblin comes into view.
The hobgoblin shouts!
You completely miss the frilled lizard. The frilled lizard bites you.
You closely miss the frilled lizard. The frilled lizard closely misses you.
The frilled lizard bites you. The gnoll attacks as you move away!
The gnoll hits you with a +0 club. The gnoll attacks as you move away!
The gnoll closely misses you.
You barely miss the gnoll. The gnoll completely misses you.
You closely miss the gnoll. The gnoll hits you with a +0 club.
You hit the gnoll. You burn the gnoll.
The gnoll is severely wounded.
The gnoll hits you with a +0 club.
* * * LOW HITPOINT WARNING * * *
The gnoll attacks as you move away! The gnoll hits you with a +0 club.
You die...

#..PP..P..#
#..P.PPP..#
#........#
#.......#####
#####.......#
#..#.###.# #..#.#
#####..#.#
#.@glg.#.#
#...####.#.#######.#
#.## #...........# #
#######.#.###..
#♣.♣.###.# #
#♣......∩## ..
##.......##
#>..###...♣.....#
#...∩.........♣#####


You could see a gnoll, a hobgoblin and a frilled lizard.

Vanquished Creatures
  A rat (D:1)
1 creature vanquished.

Notes
Turn   | Place    | Note
-------+----------+-------------------------------------------
     0 | D:1      | Sigmuldom the Mummy Cinder Acolyte began the quest for the
                  | Orb.
     0 | D:1      | Reached XP level 1. HP: 18/18 MP: 2/2
   126 | D:1      | Slain by a gnoll

Illustrated notes

Levels and vault maps discovered:
D:1:      nzn_arrival_settlement, layout_basic, kennysheep_another_room,
          nicolae_grassy_gnolls

Action                     || total
---------------------------++-------
  Melee: Falchion          ||     9
  Dodge: Dodged            ||     6
